 Dungeon Sprint DCSS version 0.30-a0-269-gf0224bf7b6 (webtiles) character file.

Game seed: 2605307491099237308

3043 tbh1313 the Bludgeoner (level 9, -4/96 HPs)
             Began as a Troll Berserker on Oct 14, 2022.
             Was a High Priest of Trog.
             Engulfed by a death drake's foul pestilence (11 damage)
             ... in the Dungeon (Sprint II: "The Violet Keep of Menkaure").
             The game lasted 00:05:16 (607 turns).

tbh1313 the Bludgeoner (Troll Berserker)             Turns: 607, Time: 00:05:17

Health: -4/96      AC:  6    Str: 27 (29) XL:     9   Next: 56%
Magic:  8/8        EV: 13    Int:  3      God:    Trog [*****.]
Gold:   270        SH:  0    Dex: 13      Spells: 8/8 levels left

rFire   . . .      SeeInvis +    a - +0 mace
rCold   . . .      Faith    .    (no shield)
rNeg    . . .      Spirit   .    k - +2 robe {Will+}
rPois   .          Reflect  .    (helmet restricted)
rElec   .          Harm     .    e - +0 cloak {rCorr}
rCorr   +          Rampage  .    (gloves unavailable)
Will    +....      NoTele   +    (boots unavailable)
Stlth   +.........               j - amulet "Nemaos" {Regen+ Dex+4 SInv}
HPRegen 1.96/turn                (no ring)
MPRegen 0.11/turn                (no ring)

@: lethally poisoned (-4 -> -12), unable to read
A: large, unfitting armour, claws 3, regeneration 1, shaggy fur 1, tough skin 1,
horns 1, deformed body, deterioration 1, weak 1, inability to read after injury
1
a: Renounce Religion, Berserk, Trog's Hand, Brothers in Arms


You were in the Dungeon.
You worshipped Trog.
Trog was extremely pleased with you.
You visited 1 branch You collected 1134 gold pieces.
You spent 864 gold pieces at shops.

Inventory:

Hand Weapons
 a - a +0 mace (weapon)
Armour
 e - a +0 cloak of preservation (worn)
 k - a +2 robe of willpower (worn)
Jewellery
 j - the amulet "Nemaos" (around neck) {Regen+ Dex+4 SInv}
   (You bought it in a shop in the Dungeon)

   [amulet of regeneration]

   Dex:       It affects your dexterity (+4).
   SInv:      It lets you see invisible.
   Regen:     It increases your rate of health regeneration.
Scrolls
 h - a scroll of blinking
 i - a scroll of identify
Potions
 c - a potion of curing
 d - a potion of heal wounds
 f - 2 potions of magic
 g - a potion of berserk rage


   Skills:
 - Level 8.0 Fighting
 + Level 16.8 Maces & Flails
 - Level 8.0 Dodging


You had 8 spell levels left.
You didn't know any spells.
Your spell library was empty.

Dungeon Overview and Level Annotations

Branches:
Dungeon (1/1)

Altars:
Cheibriados
Dithmenos
Elyvilon
Fedhas
Hepliaklqana
Kikubaaqudgha
Makhleb
Qazlal
Ru
Sif Muna
Trog
Uskayaw
Wu Jian
Xom
Yredelemnul
The Shining One
Jiyva
Lugonu

Shops:
D :![[[=(![?:=*=[

Annotations:
D exclusions: oklob plant and orange crystal statue


Innate Abilities, Weirdness & Mutations

You are too large for most types of armour.
You have claws for hands.
Your natural rate of healing is unusually fast.
You are covered in fur. (AC +1)
You have tough skin. (AC +1)
You have a pair of small horns on your head.
Armour fits poorly on your strangely shaped body.
Your body sometimes deteriorates upon taking damage.
You are weak. (Str -2)
You occasionally lose the ability to read scrolls when taking damage.


Message History

The deep elf master archer shoots an arrow.
The arrow hits you!!
Your body deteriorates!
You feel weakened.
You start resting.
You feel yourself speed up.
You start resting.
You recover from your berserk rage.
The deep elf master archer shoots an arrow.
The arrow hits you!
A swamp drake comes into view.
A death drake comes into view.
A death drake, a crystal guardian and a swamp drake come into view.
Found 3 lumpy orange potions.
The death drake hisses angrily. x2; The swamp drake roars! x2
The crystal guardian fires a crystalline bolt at you.
The crystal bolt freezes the swamp drake!!
The crystal bolt freezes you!!
Your body deteriorates!
You feel weakened. The crystal bolt misses you.
The swamp drake bites you but does no damage.
The swamp drake bites you.
You hit the swamp drake.
You kill the swamp drake!
Trog accepts your kill.
The crystal guardian fires a crystalline bolt at you.
The crystal bolt freezes you!!!
You feel threatened and lose the ability to read scrolls!
* * * LOW HITPOINT WARNING * * *
The crystal bolt misses you. The swamp drake bites you.
* * * LOW HITPOINT WARNING * * *
The death drake breathes miasma at you. The foul vapour misses you.
You cannot read scrolls in your current state!
You cannot read scrolls in your current state!
The swamp drake attacks as you move away!
The swamp drake bites you!
* * * LOW HITPOINT WARNING * * *
You are engulfed in dark miasma.
You are lethally poisoned!
You die...

≈≈§≈≈≈≈## ≈≈8§≈≈§≈##++##
≈≈≈§≈≈§##§...### ≈≈≈§§
#e≈.....##
++#+++#####....#k##
.......#.J+...^#9k#
##+##..#$J####.#k○#
#.####.####..'.##☼#
.##..#....#..#○○@##
#...####..#####○○#
##'###.##..#..'..#
##.##.÷.#..#..#†.# #
'†<.†##.'..####..##.#
##.##...#....###...##▓▓▓
##†###.##......~~~~~~~~~
#.#.####~~§....~#+######
.###.#~~~§~~~..~#.._._._


You could see a death drake.

Levels and vault maps discovered:
D:        the_violet_keep_of_menkaure [sprint2_stairs_cluster_1,
          sprint2_shoproom, sprint2_temple, sprint2_basic_supplies,
          sprint2_obstacle_7, sprint2_obstacle_3, sprint2_obstacle_4,
          sprint2_obstacle_5, sprint2_obstacle_1, sprint2_timed_cluster_1,
          sprint2_smallroom_cluster_1, sprint2_smallroom_final_cluster_1,
          sprint2_transparent_cluster_1, sprint2_second_timed_cluster_1,
          sprint2_sniper_area_1, sprint2_heavy_combat_area_1,
          sprint2_mutation_trap_area_1, sprint2_forest_area_1,
          sprint2_light_combat_area_1, sprint2_behind_water_1,
          sprint2_near_end_vault_1]

Notes
Turn   | Place    | Note
-------+----------+-------------------------------------------
     0 | D        | tbh1313 the Troll Berserker began the quest for the Orb.
     0 | D        | Reached XP level 1. HP: 22/22 MP: 0/0
     1 | D        | Noticed a neqoxec
     1 | D        | Noticed a neqoxec
     1 | D        | Noticed a neqoxec
     1 | D        | Noticed a neqoxec
     6 | D        | Gained mutation: You are weak. (Str -2) [a neqoxec]
     9 | D        | Killed a neqoxec
    10 | D        | Reached skill level 9 in Maces & Flails
    10 | D        | Reached XP level 2. HP: 29/29 MP: 1/1
    10 | D        | Reached XP level 3. HP: 36/36 MP: 2/2
    10 | D        | Reached XP level 4. HP: 44/44 MP: 3/3
    22 | D        | Gained mutation: You occasionally lose the ability to read
                  | scrolls when taking damage. [a neqoxec]
    23 | D        | Killed a neqoxec
    24 | D        | Reached skill level 11 in Maces & Flails
    24 | D        | Reached XP level 5. HP: 35/50 MP: 4/4
    34 | D        | Killed a neqoxec
    34 | D        | Reached ** piety under Trog
    35 | D        | Reached skill level 13 in Maces & Flails
    35 | D        | Reached XP level 6. HP: 39/59 MP: 5/5
    48 | D        | Killed a neqoxec
    49 | D        | Reached XP level 7. HP: 45/66 MP: 6/6
    80 | D        | Reached skill level 14 in Maces & Flails
    87 | D        | Reached *** piety under Trog
    88 | D        | Reached skill level 5 in Fighting
   116 | D        | Killed Menkaure
   153 | D        | Noticed a wyvern
   153 | D        | Noticed a wyvern
   174 | D        | Reached **** piety under Trog
   225 | D        | Killed a wyvern
   226 | D        | Reached XP level 8. HP: 88/88 MP: 7/7
   230 | D        | Reached skill level 5 in Dodging
   295 | D        | Found Dawuav's Antique Armour Shop.
   295 | D        | Found Edoudoub's General Store.
   295 | D        | Found Woestyante's Jewellery Shop.
   295 | D        | Found Weur's Antique Armour Boutique.
   295 | D        | Found Emipuc's Distillery.
   295 | D        | Found Yqurhir's Book Shop.
   295 | D        | Found Soabroanie's Antique Weapon Boutique.
   296 | D        | Found Kepsut's Jewellery Boutique.
   296 | D        | Found Wutomiug's Antique Armour Shop.
   296 | D        | Found Hafor's Antique Armour Boutique.
   296 | D        | Found Tiredgheu's Jewellery Shop.
   297 | D        | Found Tyurgh's Armour Shop.
   297 | D        | Found Osurueh's Distillery.
   298 | D        | Found Tarug's Magic Scroll Shop.
   299 | D        | Noticed an oklob plant
   299 | D        | Noticed a polar bear
   300 | D        | Found Cekitaca's Book Shoppe.
   301 | D        | Bought a glowing cloak for 172 gold pieces
   314 | D        | Noticed a polar bear
   370 | D        | Bought a scroll of identify for 20 gold pieces
   372 | D        | Bought the amulet "Nemaos" {Regen+ Dex+4 SInv} for 595 gold
                  | pieces
   378 | D        | Noticed a manticore
   378 | D        | Noticed a manticore
   387 | D        | Bought an embroidered robe for 77 gold pieces
   440 | D        | Noticed an orange crystal statue
   453 | D        | Found a hazy altar of Hepliaklqana.
   453 | D        | Found a snail-covered altar of Cheibriados.
   454 | D        | Found a stormy altar of Qazlal.
   454 | D        | Found a viscous altar of Jiyva.
   454 | D        | Found a shadowy altar of Dithmenos.
   455 | D        | Found a sacrificial altar of Ru.
   455 | D        | Found an ancient bone altar of Kikubaaqudgha.
   455 | D        | Found a white marble altar of Elyvilon.
   457 | D        | Found an ornate altar of the Wu Jian Council.
   457 | D        | Found a shimmering blue altar of Sif Muna.
   457 | D        | Found a corrupted altar of Lugonu.
   457 | D        | Found a blossoming altar of Fedhas.
   458 | D        | Found a shimmering altar of Xom.
   458 | D        | Found a bloodstained altar of Trog.
   458 | D        | Found a burning altar of Makhleb.
   459 | D        | Found a glowing golden altar of the Shining One.
   459 | D        | Found a basalt altar of Yredelemnul.
   459 | D        | Found a hide-covered altar of Uskayaw.
   474 | D        | Reached ***** piety under Trog
   526 | D        | Noticed a shining eye
   526 | D        | Noticed a shining eye
   527 | D        | Noticed a shining eye
   527 | D        | Gained mutation: Your body sometimes deteriorates upon
                  | taking damage. [a shining eye]
   534 | D        | Gained mutation: Armour fits poorly on your strangely
                  | shaped body. [a shining eye]
   537 | D        | Gained mutation: You have a pair of small horns on your
                  | head. [a shining eye]
   540 | D        | Killed a shining eye
   541 | D        | Reached skill level 15 in Maces & Flails
   541 | D        | Reached XP level 9. HP: 96/96 MP: 8/8
   544 | D        | Killed a shining eye
   545 | D        | Reached skill level 16 in Maces & Flails
   549 | D        | Killed a shining eye
   556 | D        | Noticed a deep elf master archer
   604 | D        | Noticed a death drake
   605 | D        | Noticed a death drake
   605 | D        | Noticed a crystal guardian
   607 | D        | HP: 7/96 [swamp drake (9)]
   607 | D        | Engulfed by a death drake's foul pestilence

Table legend: (Time is in decaauts)
 A = Elapsed time spent in this place.
 B = Non-inter-level travel time spent in this place.
 C = Inter-level travel time spent in this place.
 D = Time resting spent in this place.
 E = Time spent auto-exploring this place.
 F = Levels seen in this place.
 G = Mean time per level.
                   A        B        C        D        E       F      G
               +--------+--------+--------+--------+--------+-----+--------+
         Total |    600 |    600 |      0 |    289 |      0 |   1 |  600.0 |
       Dungeon |    600 |    600 |      0 |    289 |      0 |   1 |  600.0 |
               +--------+--------+--------+--------+--------+-----+--------+

Top non-repeatable levels by time:
       D: 600 daAuts

Table legend:
 A = Kills in this place as a percentage of kills in entire the game.
 B = Kills by you in this place as a percentage of kills by you in the entire game.
 C = Kills by friends in this place as a percentage of kills by friends in the entire game.
 D = Other kills in this place as a percentage of other kills in the entire game.
 E = Experience gained in this place as a percentage of experience gained in the entire game.
 F = Experience gained in this place divided by the number of levels of this place that you have seen.
                   A       B       C       D       E      F
               +-------+-------+-------+-------+-------+----------------------
         Total | 100.0 | 100.0 |   N/A |   N/A | 100.0 | 4348.0
       Dungeon | 100.0 | 100.0 |   N/A |   N/A | 100.0 | 4348.0
               +-------+-------+-------+-------+-------+----------------------

Action                   |  1- 3 |  4- 6 |  7- 9 || total
-------------------------+-------+-------+-------++-------
Melee: Mace              |     7 |    38 |   111 ||   156
       Punch             |       |       |     1 ||     1
       Headbutt          |       |       |     3 ||     3
Invok: Berserk           |     1 |       |     4 ||     5
       Trog's Hand       |       |       |     1 ||     1
  Use: Potion            |       |     1 |       ||     1
Armor: Animal skin       |       |     6 |     9 ||    15
       Robe              |       |       |     3 ||     3
Dodge: Dodged            |     3 |     8 |    35 ||    46

Vanquished Creatures
  3 shining eyes (D)
  5 wyverns (D)
  4 neqoxecs (D)
  2 water moccasins (D)
  A swamp drake (D)
  4 necrophages (D)
  4 scorpions (D)
23 creatures vanquished.

Vanquished Creatures (others)
  Menkaure (D)
1 creature vanquished.

Grand Total: 24 creatures vanquished
